 Dungeon Crawl Stone Soup version 0.20.0-15-g7f486f2 (webtiles) character file.

593 CInkIbrahim the Spear-Bearer (level 7, -6/45 HPs)
             Began as an Octopode Gladiator on July 2, 2017.
             Mangled by ANON1729's ghost (9 damage)
             ... on level 5 of the Dungeon.
             The game lasted 00:03:53 (3832 turns).

CInkIbrahim the Spear-Bearer (Octopode Gladiator)   Turns: 3832, Time: 00:03:53

Health: -6/45      AC:  5    Str: 12 (13) XL:     7   Next: 39%
Magic:  0/6        EV: 14    Int:  9 (10) God:
Gold:   169        SH:  0    Dex: 13 (16) Spells: 6/6 levels left

rFire    . . .     SeeInvis .   a - +0 trident
rCold    . . .     Gourm    .   (no shield)
rNeg     . . .     Faith    .   b - +0 hat
rPois    .         Spirit   +   r - amulet of guardian spirit
rElec    .         Reflect  .   l - ring of resist corrosion
rCorr    +         Harm     .   (no ring)
MR       .....                  (no ring)
Stlth    ++........             (no ring)
Regen    0.2/turn               (no ring)
MPRegen  0.1/turn               (no ring)
                                (no ring)
                                (no ring)

@: no status effects
A: almost no armour, stealthy swim, amphibious, 8 rings, constrict 8, icy blue
scales 1, yellow scales 1, camouflage 1, low mp 1, gelatinous body 1
a: no special abilities


You were on level 5 of the Dungeon.
You were not hungry.

You visited 1 branch of the dungeon, and saw 5 of its levels.

You collected 169 gold pieces.

Inventory:

Hand Weapons
 a - a +0 trident (weapon)
Missiles
 c - 2 throwing nets (quivered)
 q - 22 poisoned needles
 u - 9 tomahawks
Armour
 b - a +0 hat (worn)
Jewellery
 l - a ring of resist corrosion (left tentacle)
 r - an amulet of guardian spirit (around mantle)
Wands
 v - a wand of acid (8/15)
Scrolls
 f - 3 scrolls of teleportation {unknown}
 g - 5 scrolls of remove curse
 i - a scroll of magic mapping {unknown}
 k - a scroll of blinking {unknown}
 m - 3 scrolls of amnesia
 n - a scroll of fog {unknown}
Potions
 e - a potion of lignification
 p - a potion of agility
Books
 s - a book of Changes

   Spells                             Type                      Level
   a - Beastly Appendage              Transmutation                1
   b - Sticks to Snakes               Transmutation                2
   c - Spider Form                    Transmutation/Poison         3
   d - Ice Form                       Ice/Transmutation            4
   e - Blade Hands                    Transmutation                5
Comestibles
 d - 3 bread rations
 h - a meat ration
 t - 3 fruits


   Skills:
 - Level 2.0 Fighting
 + Level 8.3 Polearms
 - Level 2.0 Throwing
 - Level 3.0 Dodging


You had 6 spell levels left.
You didn't know any spells.

Dungeon Overview and Level Annotations

Branches:
Dungeon (5/15)
 Temple: D:4-7

Altars:
Qazlal
Ru
The Shining One

Annotations:
D:5 ANON1729's ghost, amateur TeCj


Innate Abilities, Weirdness & Mutations

You cannot wear most types of armour.
You are very stealthy in the water. (Stealth+)
You are amphibious.
You can wear up to eight rings at the same time.
You can use your tentacles to constrict eight enemies at once.
Your skin changes colour to match your surroundings (Stealth+).
Your rubbery body absorbs attacks. (AC +1, EV +1)
You are partially covered in icy blue scales. (AC +2)
You are partially covered in yellow scales. (AC +2)
Your magical capacity is low. (-10% MP)


Message History

Aim: ANON1729's ghost, wielding a weapon of pain (moderately damaged)
You barely miss ANON1729's ghost.
ANON1729's ghost is moderately damaged.
You feel less wooden.
Your +0 hat unmelds from your body.
ANON1729's ghost hits you!
* * * LOW HITPOINT WARNING * * *
You barely miss ANON1729's ghost. Your squeeze misses ANON1729's ghost.
ANON1729's ghost is moderately damaged.
ANON1729's ghost hits you but does no damage.
The phantom blinks!
You puncture ANON1729's ghost! Your squeeze misses ANON1729's ghost.
ANON1729's ghost is severely damaged.
ANON1729's ghost hits you.
* * * LOW HITPOINT WARNING * * *
You writhe in agony.
* * * LOW HITPOINT WARNING * * *
You barely miss ANON1729's ghost.
ANON1729's ghost is severely damaged.
ANON1729's ghost hits you!
You die...

..# #..# #..# #
#.. .# #.##.##
##.....#
##########...[#
#.....)@W5ยง.#
.).#######...#
#.#.......o
#.co.###.#.
.oW.## %..#.#
#...#.# ...##.#
...# #..


You could see ANON1729's ghost and a crimson imp.

Vanquished Creatures
  An ogre (D:5)
  2 centaurs
  An iguana (D:4)
  Terence (D:2)
  An orc wizard (D:5)
  4 worker ants
  3 gnolls (D:3)
  4 adders
  3 oozes
  2 worms
  2 dart slugs (D:2)
  A leopard gecko (D:2)
  10 orcs
  6 bats
  3 giant cockroaches
  5 goblins
  7 hobgoblins
  12 jackals
  A quokka (D:4)
  A ball python (D:2)
  4 frilled lizards
  11 kobolds
  A leopard gecko skeleton (D:4)
  10 rats
96 creatures vanquished.

Notes
Turn   | Place    | Note
-------+----------+-------------------------------------------
     0 | D:1      | CInkIbrahim the Octopode Gladiator began the quest for the Orb.
     0 | D:1      | Reached XP level 1. HP: 14/14 MP: 1/1
    36 | D:1      | Reached XP level 2. HP: 14/19 MP: 2/2
   410 | D:1      | Reached skill level 4 in Polearms
   418 | D:1      | Reached XP level 3. HP: 11/24 MP: 3/3
  1324 | D:2      | Noticed Terence
  1332 | D:2      | Killed Terence
  1332 | D:2      | Reached skill level 5 in Polearms
  1332 | D:2      | Reached XP level 4. HP: 13/29 MP: 4/4
  1838 | D:2      | Found a glowing golden altar of the Shining One.
  2283 | D:3      | Reached XP level 5. HP: 34/34 MP: 5/5
  2646 | D:3      | Reached skill level 6 in Polearms
  2927 | D:4      | Gained mutation: You are partially covered in yellow scales. (AC +2) [potion of mutation]
  2927 | D:4      | Gained mutation: Your magical capacity is low. (-10% MP) [potion of mutation]
  2927 | D:4      | Gained mutation: You are partially covered in icy blue scales. (AC +2) [potion of mutation]
  3054 | D:4      | Reached XP level 6. HP: 35/39 MP: 5/5
  3207 | D:4      | Reached skill level 7 in Polearms
  3451 | D:4      | Found a sacrificial altar of Ru.
  3533 | D:4      | Found a stormy altar of Qazlal.
  3760 | D:5      | Entered Level 5 of the Dungeon
  3762 | D:5      | Noticed a phantom
  3788 | D:5      | HP: 1/58 [centaur (2)]
  3792 | D:5      | Reached skill level 8 in Polearms
  3792 | D:5      | Reached XP level 7. HP: 2/45 MP: 2/6
  3795 | D:5      | Noticed ANON1729's ghost (amateur TeCj)
  3832 | D:5      | Mangled by ANON1729's ghost

Skill      XL: |  1  2  3  4  5  6 |
---------------+-------------------+-----
Polearms       | 4 5 6 8 |  8.3
Fighting       | |  2.0
Throwing       | |  2.0
Dodging        | |  3.0

Action                   |  1- 3 |  4- 6 |  7- 9 || total
-------------------------+-------+-------+-------++-------
Melee: Trident           |   104 |   127 |    35 ||   266
       Constrict         |    24 |    26 |       ||    50
       Tentacles         |    16 |    27 |       ||    43
Throw: Throwing net      |       |       |     1 ||     1
  Use: Scroll            |     1 |     4 |       ||     5
       Potion            |       |     3 |     3 ||     6
 Stab: Sleeping          |     4 |    12 |       ||    16
       Distracted        |       |     1 |       ||     1
       Held in net/web   |       |       |     2 ||     2
  Eat: Chunk             |       |     9 |       ||     9
Armor: Skin              |     4 |    11 |    18 ||    33
Dodge: Dodged            |    66 |    49 |     2 ||   117
